 Dungeon Crawl Stone Soup version 0.28-a0-1286-g6bde065e89 (webtiles) character file.

Game seed: 13904876215240336539

12 Gildeon the Shield-Bearer (level 2, 25/25 HPs)
             Began as a Demigod Fighter on Dec 26, 2021.
             Quit the game on level 1 of the Dungeon.
             The game lasted 00:02:00 (467 turns).

Gildeon the Shield-Bearer (Demigod Fighter)          Turns: 467, Time: 00:02:01

Health: 25/25      AC:  6    Str: 17    XL:     2   Next: 9%
Magic:  4/4        EV:  9    Int: 10    God:
Gold:   20         SH:  4    Dex: 13    Spells: 1/1 levels left

rFire   . . .      SeeInvis .   a - +0 flail
rCold   . . .      Faith    .   c - +0 buckler
rNeg    . . .      Spirit   .   b - +0 scale mail
rPois   .          Reflect  .   (no helmet)
rElec   .          Harm     .   (no cloak)
rCorr   .          Rampage  .   (no gloves)
Will    .....                   (no boots)
Stlth   ..........              (no amulet)
HPRegen 0.08/turn               (no ring)
MPRegen 0.09/turn               (no ring)

@: no status effects
A: high mp 1, forlorn, divine attributes
a: no special abilities


You were on level 1 of the Dungeon.
You visited 1 branch of the dungeon, and saw 1 of its levels.

You collected 20 gold pieces.

Inventory:

Hand Weapons
 a - a +0 flail (weapon)
Armour
 b - a +0 scale mail (worn)
 c - a +0 buckler (worn)
Jewellery
 f - a ring of fire
Scrolls
 g - 2 scrolls of magic mapping {unknown}
Potions
 d - a potion of might
 e - a potion of lignification {unknown}


   Skills:
 - Level 2.6 Fighting
 + Level 2.6 Maces & Flails
 - Level 2.6 Armour
 - Level 2.6 Shields


You had one spell level left.
You didn't know any spells.
Your spell library was empty.

Dungeon Overview and Level Annotations

Branches:
Dungeon (1/15)


Innate Abilities, Weirdness & Mutations

You have an increased reservoir of magic. (+10% MP)
You shall have no god before yourself.
Your divine heritage dramatically boosts your attributes as you level up.


Message History

You closely miss the jackal.
The jackal bites you but does no damage. x2
You closely miss the jackal. The jackal closely misses you.
The jackal bites you but does no damage.
You sock the jackal!
You kill the jackal!
The jackal barely misses you.
You have reached level 2!
You closely miss the jackal. The jackal bites you.
The jackal closely misses you.
You closely miss the jackal. The jackal misses you.
The jackal bites you but does no damage.
You hit the jackal.
The jackal is severely wounded.
The jackal bites you but does no damage.
You hit the jackal.
You kill the jackal!
Things that are here:
a jackal corpse; a jackal corpse; a jackal corpse A bat comes into view.
Found 18 arrows and a scroll labelled ALARON YWKUORI.
The bat hits you. The bat hits you but does no damage.
The bat closely misses you. You block the bat's attack.
The bat hits you but does no damage. You block the bat's attack.
You closely miss the bat. The bat completely misses you.
You closely miss the bat. You block the bat's attack.
The bat closely misses you. The bat barely misses you.
The bat hits you but does no damage.
You barely miss the bat. The bat closely misses you.
The bat hits you but does no damage. x3
You miss the bat. The bat hits you but does no damage.
You barely miss the bat. The bat closely misses you.
You block the bat's attack. The bat barely misses you.
You sock the bat!
You kill the bat!
You see here a bat corpse.
Are you sure you want to abandon this character and quit the game? (Confirm with "yes".)

########.
#.# #.#
#.# #.#
#.# #.#
#.# #.###
#@..#
###.#
..(.....#
#######.#
... ...
.....
.....
....?..


There were no monsters in sight!

Vanquished Creatures
  4 bats (D:1)
  4 jackals (D:1)
  2 kobolds (D:1)
  A rat (D:1)
11 creatures vanquished.

Vanquished Creatures (others)
  7 fungi (D:1)
  7 plants (D:1)
  4 toadstools (D:1)
18 creatures vanquished.

Grand Total: 29 creatures vanquished

Notes
Turn   | Place    | Note
-------+----------+-------------------------------------------
     0 | D:1      | Gildeon the Demigod Fighter began the quest for the Orb.
     0 | D:1      | Reached XP level 1. HP: 18/18 MP: 3/3
   403 | D:1      | Reached XP level 2. HP: 23/25 MP: 4/4
   467 | D:1      | Quit the game

Illustrated notes

Levels and vault maps discovered:
D:1:      ldierk_water_garden, layout_loops_ring,
          shapermc_ecumenical_altar_mp_urbaneastern, minmay_misc_feat_hallway,
          chequers_serial_rivers_micro_c

Skill      XL: |  1 |
---------------+----+-----
Maces & Flails | 2 |  2.6
Fighting       | |  2.6
Armour         | |  2.6
Shields        | |  2.6

Action                   || total
-------------------------++-------
Melee: Flail             ||    41
Armor: Scale mail        ||    42
Dodge: Dodged            ||    35
Block: Buckler           ||    14

Table legend: (Time is in decaauts)
 A = Elapsed time spent in this place.
 B = Non-inter-level travel time spent in this place.
 C = Inter-level travel time spent in this place.
 D = Time resting spent in this place.
 E = Time spent auto-exploring this place.
 F = Levels seen in this place.
 G = Mean time per level.
                   A        B        C        D        E       F      G
               +--------+--------+--------+--------+--------+-----+--------+
         Total |    483 |    483 |      0 |      0 |    343 |   1 |  483.0 |
       Dungeon |    483 |    483 |      0 |      0 |    343 |   1 |  483.0 |
               +--------+--------+--------+--------+--------+-----+--------+

Top non-repeatable levels by time:
     D:1: 483 daAuts
